 Dungeon Crawl Stone Soup version 0.31-a0-152-g6aa68a64a1 (webtiles) character file.

Game seed: 16066371810676032009

247 qw the Chopper (level 6, -4/37 HPs)
             Began as a Gargoyle Fighter on June 11, 2023.
             Slain by Jessica
             ... wielding a +0 dagger
              (6 damage)
             ... on level 3 of the Dungeon.
             The game lasted 00:00:55 (1699 turns).

qw the Chopper (Gargoyle Fighter)                   Turns: 1699, Time: 00:00:55

Health: -4/37      AC: 11    Str: 22    XL:     6   Next: 11%
Magic:  6/6        EV:  9    Int:  8    God:
Gold:   96         SH:  9    Dex:  9    Spells: 5/5 levels left

rFire   . . .        Y - +0 war axe
rCold   . . .        c - +0 buckler
rNeg    + . .        b - +0 scale mail
rPois   inf          (no helmet)
rElec   +            (no cloak)
rCorr   .            (no gloves)
SInv    .            (no boots)
Will    .....        g - amulet of reflection Stlth
                     (no ring)
HPRegen 0.26/turn    (no ring)
MPRegen 0.10/turn

%: reflection
@: no status effects
A: sickness immunity, AC +4, negative energy resistance 1, electricity
resistance, torment resistance 1, petrification resistance
a: no special abilities


You were on level 3 of the Dungeon.
You visited 1 branch of the dungeon, and saw 3 of its levels.

You collected 96 gold pieces.


Innate Abilities, Weirdness & Mutations

You are immune to sickness and miasma.
Your stone body is resilient. (AC +4)
You are immune to poison.
You resist negative energy. (rN+)
You are resistant to electric shocks. (rElec)
You are resistant to unholy torment.
You are immune to petrification.


   Skills:
 - Level 3.2 Fighting
 - Level 5.6 Axes
 + Level 0.5 Throwing
 - Level 3.2 Armour
 - Level 3.2 Shields


You had 5 spell levels left.
You didn't know any spells.
Your spell library was empty.

Inventory:

Hand Weapons
 h - a +0 mace
 Y - a +0 war axe (weapon)
Missiles
 k - 4 silver boomerangs (quivered)
Armour
 b - a +0 scale mail (worn)
 c - a +0 buckler (worn)
Jewellery
 g - an amulet of reflection (around neck)
Scrolls
 l - a scroll of identify
Potions
 d - a potion of might
 j - a potion of lignification

Dungeon Overview and Level Annotations

Branches:
Dungeon (3/15)

Altars:

Shops:
D:1 ([?(   D:2 (

Annotations:
D:3 Grinder, Jessica


Message History

Grinder is lightly wounded.
Grinder hits you!
You slash Grinder!
Grinder is moderately wounded.
Jessica casts a spell.
Jessica blinks!
Grinder closely misses you.
Jessica points at you and mumbles some strange words.
Pain shoots through your body!
You barely miss Grinder.
Grinder is moderately wounded.
You block Grinder's attack. You block Jessica's attack.
You hit Grinder but do no damage.
Grinder is moderately wounded.
You closely miss Jessica. Jessica gestures at you while chanting.
You resist with some effort. Grinder closely misses you.
Grinder hits you but does no damage. Jessica hits you with a +0 dagger.
You closely miss Grinder.
Grinder is moderately wounded.
You barely miss Jessica. Jessica hits you with a +0 dagger.
You block Grinder's attack.
You closely miss Grinder.
Grinder is moderately wounded.
You barely miss Jessica. Jessica hits you with a +0 dagger.
You block Jessica's attack. Grinder hits you but does no damage.
You slash Grinder!
Grinder is severely wounded.
You barely miss Jessica. You block Jessica's attack.
Grinder blinks!
Jessica hits you but does no damage.
You hit Jessica.
Jessica is lightly wounded.
Jessica hits you but does no damage. Jessica hits you with a +0 dagger.
You hit Jessica but do no damage.
Jessica is lightly wounded.
Jessica hits you but does no damage. x2
You closely miss Jessica.
Jessica is lightly wounded.
Jessica hits you with a +0 dagger.
You die...

#.#######
#....@@<#
##....###
##...
#... #...
#... #...
##..


You could see Jessica (fast).

Vanquished Creatures
  Sigmund (D:2)
  3 adders
  2 worms (D:2)
  9 endoplasms
  2 giant cockroaches
  5 goblins
  3 hobgoblins (D:1)
  3 jackals (D:1)
  A quokka (D:2)
  6 ball pythons
  9 bats
  3 frilled lizards
  4 kobolds
  5 rats
56 creatures vanquished.

Notes
Turn   | Place    | Note
-------+----------+-------------------------------------------
     0 | D:1      | qw the Gargoyle Fighter began the quest for the Orb.
     0 | D:1      | Reached XP level 1. HP: 14/14 MP: 1/1
     0 | D:1      | 0 ||| qw: Version: 0.2-a-29-gdad1ea2
     0 | D:1      | 0 ||| qw: Game counter: 4063
     0 | D:1      | 0 ||| qw: Always use a shield: true
     0 | D:1      | 0 ||| qw: God list: Okawaru
     0 | D:1      | 0 ||| qw: Allow faded altars: false
     0 | D:1      | 0 ||| qw: Do Orc after D:15 true
     0 | D:1      | 0 ||| qw: Do second Lair branch before Depths: true
     0 | D:1      | 0 ||| qw: Lair rune preference: random
     0 | D:1      | 0 ||| qw: Plans: Normal, Zot:1-4, Slime:5, God:TSO, Crypt,
                  | Tomb, Abyss, Pan, Hells, Win
     0 | D:1      | 0 ||| PLANNING D:1-11
    41 | D:1      | Reached skill level 2 in Axes
    75 | D:1      | Reached XP level 2. HP: 19/19 MP: 2/2
   174 | D:1      | 174 ||| Stepping ~*~*~tactically~*~*~ (stealth).
   210 | D:1      | Found Rotyg's Antique Weapon Boutique.
   286 | D:1      | Found Ujabbosk's Magic Scroll Emporium.
   294 | D:1      | 294 ||| SHOPLISTING scroll of acquirement (728 gold, have
                  | 21).
   294 | D:1      | 294 ||| SHOPLISTING scroll of brand weapon (133 gold, have
                  | 21).
   294 | D:1      | 294 ||| SHOPLISTING scroll of enchant armour (105 gold,
                  | have 21).
   294 | D:1      | 294 ||| SHOPLISTING scroll of enchant weapon (105 gold,
                  | have 21).
   294 | D:1      | 294 ||| SHOPLISTING scroll of identify (28 gold, have 21).
   294 | D:1      | 294 ||| SHOPLISTING scroll of teleportation (42 gold, have
                  | 21).
   318 | D:1      | Found Qozing's Antique Armour Emporium.
   324 | D:1      | Found Zoefedghe's Weapon Emporium.
   329 | D:1      | 329 ||| SHOPLISTING chain mail (117 gold, have 21).
   329 | D:1      | 329 ||| SHOPLISTING pair of boots (117 gold, have 21).
   329 | D:1      | 329 ||| SHOPLISTING pair of glowing boots (195 gold, have
                  | 21).
   329 | D:1      | 329 ||| SHOPLISTING smelly ring mail (234 gold, have 21).
   329 | D:1      | 329 ||| SHOPLISTING spiked leather armour (182 gold, have
                  | 21).
   329 | D:1      | 329 ||| SHOPLISTING steaming plate armour (728 gold, have
                  | 21).
   335 | D:1      | 335 ||| SHOPLISTING +0 morningstar (52 gold, have 21).
   369 | D:1      | Reached skill level 3 in Axes
   445 | D:1      | Reached XP level 3. HP: 22/23 MP: 3/3
   546 | D:1      | 546 ||| Stepping ~*~*~tactically~*~*~ (hiding).
   789 | D:1      | 789 ||| UPGRADING to amulet of reflection.
   794 | D:1      | 794 ||| READING scroll labelled TUWUPP DUVUU.
   795 | D:1      | 795 ||| READING 2 scrolls labelled YXTETW ZOZYW.
   796 | D:1      | 796 ||| READING scroll labelled XURHUH EHITI.
   797 | D:1      | 797 ||| READING 3 scrolls labelled VUANID HOQAMP.
   798 | D:1      | 798 ||| READING 2 scrolls of identify.
   798 | D:1      | 798 ||| IDENTIFYING amethyst potion
   799 | D:1      | 799 ||| DROPPING scroll of vulnerability.
   836 | D:2      | 836 ||| Stepping ~*~*~tactically~*~*~ (stealth).
   838 | D:2      | 838 ||| Stepping ~*~*~tactically~*~*~ (stealth).
  1174 | D:2      | Found Faitwosi's Antique Weapon Shoppe.
  1238 | D:2      | Reached XP level 4. HP: 28/28 MP: 4/4
  1309 | D:2      | Reached skill level 4 in Axes
  1328 | D:2      | Noticed Sigmund
  1352 | D:2      | HP: 7/28 [something (2)]
  1353 | D:2      | HP: 2/28 [something (5)]
  1359 | D:2      | Killed Sigmund
  1360 | D:2      | Reached skill level 5 in Axes
  1360 | D:2      | Reached XP level 5. HP: 2/32 MP: 5/5
  1360 | D:2      | Reached XP level 6. HP: 3/37 MP: 6/6
  1630 | D:2      | 1630 ||| READING scroll labelled ACOIQI KAUNOP.
  1635 | D:2      | 1635 ||| READING scroll labelled XOUNGI ONAROUPH.
  1660 | D:3      | Noticed Grinder
  1661 | D:3      | 1661 ||| Stepping ~*~*~tactically~*~*~ (stealth).
  1675 | D:3      | Paralysed by Grinder for 4 turns
  1682 | D:3      | Noticed Jessica
  1690 | D:3      | HP: 9/37 [Grinder (7)]
  1693 | D:3      | HP: 4/37 [Jessica/+0 dagger (4)]
  1697 | D:3      | HP: 1/37 [Jessica/+0 dagger (2)]
  1699 | D:3      | Slain by Jessica

Levels and vault maps discovered:
D:1:      onia_arrival_handbag, layout_basic, serial_shops,
          nicolae_shop_tiny_glass, shop_statue, shop, shop_statue, minivault_27
D:2:      layout_basic, serial_shops,
          nicolae_shop_temple_entry_statues_fountains,
          nicolae_figureground_pulse, uniq_sigmund
D:3:      layout_basic, chequers_temple_overflow_statue_of_worship,
          mainiacjoe_overflow_tiny_flanked, uniq_grinder, uniq_jessica,
          uniq_terence

Skill      XL: |  1  2  3  4 |
---------------+-------------+-----
Axes           | 2 3 5 |  5.6
Fighting       | |  3.2
Throwing       | |  0.5
Armour         | |  3.2
Shields        | |  3.2

Action                     |  1- 3 |  4- 6 || total
---------------------------+-------+-------++-------
  Melee: War axe           |    92 |    65 ||   157
  Throw: Boomerang         |    28 |    15 ||    43
    Use: Scroll            |     5 |     2 ||     7
 Armour: Scale mail        |    52 |    18 ||    70
  Dodge: Dodged            |    47 |    14 ||    61
  Block: Buckler           |    25 |    29 ||    54

Table legend:
 A = Non-vault XP
 B = Vault XP
 C = Vault XP percentage of total XP
 D = Non-vault monster count
 E = Vault monster count
 F = Vault count percentage of total count
                 A         B        C        D         E       F
            +---------+---------+-------+---------+---------+-------
      Total |     125 |     228 |  64.6 |      51 |       5 |   8.9
            +---------+---------+-------+---------+---------+-------
        D:1 |      34 |       5 |  12.8 |      21 |       4 |  16.0
        D:2 |      73 |     223 |  75.3 |      27 |       1 |   3.6
        D:3 |      18 |       0 |   0.0 |       3 |       0 |   0.0
            +---------+---------+-------+---------+---------+-------
